Map: [TLMC10] Backpfeifengesicht

Players

INnoVation - Winner!

  • Race: Terran Terran
  • League: Grandmaster
  • Spawn Location: 11:00

soO

  • Race: Zerg Zerg
  • League: Grandmaster
  • Spawn Location: 7:00

VOD

Have the link to the VOD?

Description

Time

  • Played on: Feb. 20, 2018, 5:26 a.m.
  • Length: 8:25
Show
View Real Time Build Order
Export as new Build Order

INnoVation Terran - Winner!

Build Orders: Hellion Opening, Reaper Expand, MMM Bio 

Get SALT Encoding   

  12  0:00  SCV  
  13  0:12  SCV  
  14  0:17  Supply Depot  
  14  0:24  SCV  
  15  0:38  SCV  
  15  0:40  Barracks  
  16  0:43  Refinery  
  16  0:50  SCV  
  17  1:03  SCV  
  18  1:15  SCV  
  19  1:27  Reaper, Orbital Command  
  20  1:40  Command Center  
  20  1:51  Supply Depot  
  20  1:53  SCV  
  21  1:59  Marine  
  22  2:05  SCV  
  22  2:07  Factory  
  23  2:12  Refinery  
  23  2:17  SCV  
  23  2:20  Barracks Reactor  
  24  2:29  SCV  
  25  2:42  SCV  
  26  2:51  Starport  
  26  2:52  Orbital Command  
  26  2:54  SCV  
  27  3:00  Hellion x2  
  31  3:06  SCV, Barracks Tech Lab  
  32  3:17  SCV  
  32  3:18  SCV  
  34  3:21  Hellion x2  
  34  3:25  Supply Depot  
  38  3:27  Viking  
  38  3:31  SCV x2  
  38  3:33  Barracks Tech Lab  
  42  3:43  SCV  
  42  3:44  SCV  
  42  3:45  Hellion  
  42  3:47  Hellion  
  48  3:50  Supply Depot  
  48  3:53  Stimpack  
  48  3:56  SCV x2  
  50  4:12  Command Center  
  50  4:13  SCV, Starport Reactor  
  50  4:14  SCV  
  52  4:18  Supply Depot  
  52  4:27  SCV x2  
  52  4:28  Barracks  
  52  4:30  Barracks  
  54  4:34  Siege Tank  
  56  4:46  Marine  
  56  4:48  SCV x2  
  51  4:53  Engineering Bay  
  51  4:54  Engineering Bay  
  51  4:58  Starport Reactor  
  51  5:00  Refinery, SCV x2  
  51  5:01  Refinery  
  51  5:04  Marine  
  52  5:07  Siege Tank  
  52  5:12  SCV x2  
  55  5:22  Marine x2  
  55  5:24  SCV  
  55  5:25  Orbital Command  
  55  5:26  Marine x3  
  60  5:29  Terran Infantry Weapons Level 1, Terran Infantry Armor Level 1  
  60  5:35  Medivac  
  60  5:38  SCV x2  
  60  5:39  Medivac  
  60  5:40  Marine x2  
  68  5:44  Marine x2  
  68  5:49  Supply Depot, Marine  
  71  5:53  Combat Shields  
  71  5:54  SCV x2  
  73  5:57  Orbital Command  
  73  5:59  Marine x2  
  73  6:02  Marine x2  
  73  6:03  Siege Tank  
  80  6:07  Marine  
  80  6:08  Supply Depot  
  80  6:10  SCV x2  
  83  6:17  Marine x2  
  85  6:19  Marine x2  
  85  6:20  Supply Depot  
  85  6:22  SCV x2  
  85  6:23  SCV  
  85  6:25  Marine  
  89  6:29  Armory  
  89  6:36  Marine x2  
  89  6:37  Marine x2  
  93  6:40  Barracks  
  93  6:41  Barracks  
  93  6:43  SCV, Marine  
  93  6:44  SCV x2  
  97  6:49  Siege Tank  
  97  6:50  Supply Depot  
  97  6:51  Supply Depot  
  100  6:56  Supply Depot, SCV x3  
  103  7:04  Marine x5  
  106  7:11  SCV x3  
  100  7:21  Siege Tank  
  103  7:24  Marine x4  
  107  7:30  Barracks Reactor x2  
  107  7:36  Medivac  
  107  7:37  Medivac, SCV  
  111  7:38  SCV x2  
  111  7:42  Marine x5  
  117  7:46  Refinery  
  117  7:47  Refinery  
  115  7:54  Factory  
  115  7:55  SCV x2  
  115  7:56  SCV  
  112  8:00  Marine x4  
  112  8:04  Marine  
Show
View Real Time Build Order
Export as new Build Order

soO Zerg 

Build Orders: Hatch First 

Get SALT Encoding   

  12  0:00  Drone  
  13  0:12  Overlord  
  13  0:17  Drone  
  14  0:30  Drone x2  
  14  0:33  Drone  
  17  0:51  Hatchery  
  17  0:54  Drone  
  17  0:57  Drone  
  18  1:08  Extractor  
  17  1:13  Spawning Pool  
  17  1:16  Drone  
  17  1:19  Drone  
  18  1:28  Drone  
  19  1:38  Overlord  
  19  2:00  Zergling x2, Queen  
  22  2:01  Zergling x2  
  22  2:03  Drone, Queen  
  22  2:07  Metabolic Boost  
  26  2:12  Drone  
  26  2:13  Drone  
  28  2:22  Drone  
  29  2:28  Drone  
  29  2:39  Drone, Spore Crawler  
  29  2:44  Hatchery  
  28  2:48  Queen  
  31  2:53  Overlord  
  31  2:56  Drone  
  32  3:00  Drone  
  32  3:01  Drone  
  34  3:07  Drone x2  
  34  3:11  Drone  
  34  3:12  Drone  
  38  3:13  Drone  
  38  3:18  Overlord  
  39  3:20  Drone  
  39  3:23  Drone  
  39  3:26  Drone  
  42  3:29  Queen  
  44  3:39  Zergling x4  
  44  3:40  Zergling x4  
  48  3:47  Drone  
  49  3:50  Drone  
  49  3:51  Drone  
  49  3:52  Drone  
  49  3:53  Overlord  
  49  3:55  Queen  
  52  3:56  Drone  
  52  3:59  Drone  
  52  4:00  Drone  
  52  4:02  Drone  
  58  4:10  Overlord  
  58  4:13  Extractor  
  58  4:15  Lair  
  57  4:18  Overlord  
  57  4:20  Overlord  
  57  4:27  Overlord  
  57  4:28  Drone  
  57  4:30  Drone x3  
  60  4:32  Drone  
  60  4:35  Zergling x4  
  63  4:41  Zergling x6  
  63  4:43  Drone x3  
  57  4:50  Drone x3  
  56  4:58  Drone x2  
  58  5:01  Drone  
  58  5:04  Drone  
  58  5:05  Drone  
  58  5:06  Drone  
  62  5:07  Drone  
  62  5:10  Drone  
  63  5:19  Drone x3  
  64  5:28  Drone  
  65  5:29  Drone x2  
  65  5:30  Drone  
  65  5:31  Drone x2  
  65  5:32  Evolution Chamber  
  65  5:33  Drone x2  
  65  5:35  Drone x2, Evolution Chamber  
  72  5:36  Baneling Nest  
  72  5:40  Drone x4  
  75  5:48  Drone  
  75  5:51  Hatchery  
  75  5:52  Drone  
  75  5:53  Extractor  
  74  5:58  Hydralisk Den  
  74  5:59  Drone  
  74  6:00  Extractor  
  74  6:01  Drone x3  
  74  6:02  Drone  
  74  6:03  Zergling x8  
  81  6:04  Extractor  
  81  6:11  Hatchery  
  79  6:12  Zerg Melee Weapons Level 1  
  79  6:15  Zerg Ground Armor Level 1  
  79  6:17  Overlord  
  79  6:27  Overlord x2  
  79  6:29  Baneling x4  
  79  6:30  Overlord, Baneling  
  79  6:31  Grooved Spines  
  79  6:32  Overlord  
  79  6:35  Overlord  
  79  6:36  Zergling x2  
  79  6:37  Zergling x4  
  79  6:39  Overlord  
  82  6:42  Zergling x2  
  82  6:43  Zergling x4  
  82  6:46  Zergling x4  
  82  6:47  Zergling x2  
  85  6:51  Zergling x4  
  87  6:58  Zergling x6  
  89  7:05  Hatchery  
  84  7:13  Hydralisk x3  
  84  7:14  Zergling x8  
  83  7:20  Hydralisk x2  
  87  7:22  Hydralisk  
  87  7:23  Zergling x6  
  87  7:24  Zergling x2  
  87  7:29  Zergling x2, Hydralisk x2  
  85  7:37  Hydralisk x2  
  86  7:46  Drone x5  
  88  7:55  Hydralisk x2  
  88  7:56  Zergling x4  
  94  8:04  Zergling x6  
Tags
 
Add a new tag
Caveats
  • Supply blocks, unpowered buildings, or Contaminate may cause inaccurate times.
  • Supply counts are checked every 10 seconds.